Map: Kairos Junction LE

Players

Odin

  • Race: Protoss Protoss
  • League: Gold
  • Spawn Location: 11:00

Killerpanda - Winner!

  • Race: Protoss Protoss
  • League: Diamond
  • Spawn Location: 5:00

VOD

Have the link to the VOD?

Description

Time

  • Played on: Dec. 16, 2018, 10:31 a.m.
  • Length: 9:45
Show
View Real Time Build Order
Export as new Build Order

Odin Protoss 

Build Orders:  

Get SALT Encoding   

  12  0:00  Probe  
  13  0:08  Probe  
  14  0:16  Probe  
  15  0:24  Pylon  
  15  0:42  Probe  
  16  0:48  Forge  
  16  0:59  Pylon x2  
  16  1:08  Pylon  
  16  1:12  Pylon  
  16  1:22  Probe  
  15  1:29  Gateway  
  15  1:30  Probe  
  16  1:37  Pylon  
  16  1:38  Pylon  
  17  1:40  Probe, Pylon  
  18  1:58  Probe  
  18  2:01  Gateway  
  18  2:05  Photon Cannon  
  18  2:06  Probe  
  18  2:09  Pylon  
  18  2:11  Assimilator  
  18  2:14  Probe  
  19  2:20  Pylon  
  20  2:24  Probe  
  20  2:28  Assimilator  
  21  2:36  Probe  
  22  2:47  Photon Cannon  
  22  2:48  Probe  
  23  2:54  Photon Cannon  
  23  2:58  Probe  
  23  2:59  Photon Cannon  
  23  3:06  Probe  
  24  3:14  Cybernetics Core  
  24  3:15  Probe  
  25  3:27  Probe  
  26  3:39  Probe  
  27  3:50  Warp Gate, Pylon  
  27  3:51  Probe  
  27  3:54  Adept, Twilight Council  
  30  4:01  Pylon  
  30  4:13  Pylon  
  31  4:22  Adept x2  
  34  4:32  Dark Shrine  
  34  4:40  Gateway x2  
  34  4:57  Probe  
  35  5:10  Nexus  
  35  5:17  Charge  
  21  5:54  Stalker x2  
  21  5:55  Stalker x2  
  24  6:18  Dark Templar  
  24  6:19  Dark Templar  
  28  6:32  Probe  
  29  6:44  Probe  
  30  7:19  Pylon  
  30  7:22  Photon Cannon  
  28  7:55  Photon Cannon  
  28  7:57  Probe  
  28  7:58  Photon Cannon  
  29  7:59  Probe  
  30  8:10  Probe  
  30  8:11  Probe  
  32  8:22  Probe  
  32  8:23  Probe  
  34  8:33  Stalker x2  
  34  8:34  Probe  
  39  8:35  Probe  
  39  8:46  Probe  
  40  8:53  Photon Cannon  
  40  9:05  Stalker x3  
  44  9:38  Cybernetics Core  
Show
View Real Time Build Order
Export as new Build Order

Killerpanda Protoss - Winner!

Build Orders:  

Get SALT Encoding   

  12  0:00  Probe  
  13  0:13  Pylon  
  13  0:17  Probe  
  14  0:29  Probe  
  14  0:33  Gateway  
  15  0:42  Assimilator  
  15  0:43  Probe  
  16  0:55  Assimilator  
  16  1:21  Zealot  
  16  1:24  Probe  
  19  1:27  Cybernetics Core  
  19  1:36  Probe  
  20  1:57  Probe  
  21  2:04  Warp Gate  
  21  2:05  Probe  
  21  2:13  Probe  
  22  2:19  Pylon  
  23  2:29  Twilight Council  
  23  2:37  Probe  
  24  2:49  Probe  
  24  2:50  Zealot  
  27  3:01  Probe  
  28  3:13  Probe  
  28  3:16  Nexus, Resonating Glaives  
  29  3:25  Probe  
  30  3:34  Pylon  
  30  3:40  Forge  
  30  3:48  Probe  
  30  3:54  Protoss Ground Weapons Level 1  
  31  3:57  Gateway  
  31  4:00  Probe  
  32  4:03  Gateway  
  32  4:11  Gateway  
  32  4:23  Assimilator  
  31  4:32  Adept  
  31  4:37  Probe  
  31  4:38  Probe  
  35  4:49  Probe  
  36  4:57  Pylon  
  36  5:00  Probe  
  36  5:01  Probe  
  38  5:10  Pylon  
  38  5:12  Probe, Assimilator  
  39  5:18  Adept x3  
  39  5:19  Adept  
  47  5:25  Shield Battery  
  47  5:29  Shield Battery  
  47  5:43  Probe  
  47  5:49  Probe  
  43  6:06  Protoss Ground Weapons Level 2  
  43  6:07  Probe  
  43  6:11  Probe  
  44  6:13  Adept x4  
  44  6:15  Probe  
  51  6:19  Probe  
  51  6:23  Probe  
  51  6:24  Dark Shrine  
  53  6:29  Probe  
  53  6:31  Pylon  
  55  6:35  Probe  
  56  6:40  Nexus  
  56  6:41  Probe  
  57  6:47  Probe  
  57  6:50  Zealot  
  57  6:52  Robotics Facility  
  57  6:53  Probe  
  56  7:02  Photon Cannon  
  56  7:08  Zealot  
  39  8:12  Dark Templar x2  
  42  8:25  Probe x2  
  42  8:37  Observer, Probe x2  
  42  8:49  Probe  
  42  8:50  Dark Templar x2  
  42  8:55  Observer  
  47  9:16  Probe x2  
  49  9:18  Gateway  
  49  9:21  Gateway  
  48  9:28  Dark Templar x2  
  52  9:31  Probe  
  52  9:32  Probe  
Tags
 
Add a new tag
Caveats
  • Supply blocks, unpowered buildings, or Contaminate may cause inaccurate times.
  • Supply counts are checked every 10 seconds.